 Dungeon Crawl Stone Soup version 0.27-a0-40-g5f2be0e231 (webtiles) character file.

Game seed: 3166772449860134760

151567 MrPhil the Executioner (level 17, -9/163 HPs)
             Began as a Minotaur Berserker on Jan 5, 2021.
             Was a High Priest of Trog.
             Shot with a bolt by a naga sharpshooter (17 damage)
             ... on level 4 of the Snake Pit.
             The game lasted 00:32:17 (29879 turns).

MrPhil the Executioner (Minotaur Berserker)        Turns: 29879, Time: 00:32:18

Health: -9/163     AC: 21    Str: 23    XL:     17   Next: 1%
Magic:  16/16      EV: 21    Int:  2    God:    Trog [*****.]
Gold:   2452       SH:  0    Dex: 26    Spells: 16/16 levels left

rFire    + + .     SeeInvis .   K - +7 battleaxe "Loleott" {elec, +Inv rElec Int-4 Dex+6}
rCold    . . .     Faith    +   (shield currently unavailable)
rNeg     . . .     Spirit   .   G - +9 scale mail of Batsap {rElec rF+}
rPois    +         Reflect  .   w - +2 hat
rElec    +         Harm     .   M - +2 cloak of Agnosticism {Will+}
rCorr    .         Rampage  +   (no gloves)
Will     ++...                  U - +0 pair of boots {rampage}
Stlth    +.........             I - amulet of Iptekk {Faith *Corrode Fragile rPois Slay+5}
HPRegen  0.37/turn              y - ring "Jasashuj" {rF+ Dex+6}
MPRegen  0.15/turn              j - ring of poison resistance

@: corroded, berserk cooldown, slowed, very slow
A: retaliatory headbutt, horns 2
a: Renounce Religion, Evoke Invisibility, Berserk, Trog's Hand, Brothers in Arms


You were on level 4 of the Snake Pit.
You worshipped Trog.
Trog was extremely pleased with you.
You visited 6 branches of the dungeon, and saw 28 of its levels.
You also visited: Sewer.

You collected 2452 gold pieces.

Inventory:

Hand Weapons
 a - a +1 vorpal executioner's axe
 K - the +7 battleaxe "Loleott" (weapon) {elec, +Inv rElec Int-4 Dex+6}
   (You found it on level 6 of the Lair of Beasts)

   Occasionally, upon striking a foe, it can discharge electrical energy and
   cause terrible harm.
   It affects your intelligence (-4).
   It affects your dexterity (+6).
   It insulates you from electricity.
   It lets you turn invisible.
 R - a +2 battleaxe of venom
Armour
 w - a +2 hat (worn)
 D - a +0 cloak
 G - the +9 scale mail of Batsap (worn) {rElec rF+}
   (You acquired it on level 6 of the Lair of Beasts)

   It protects you from fire.
   It insulates you from electricity.
 J - a +2 plate armour of cold resistance
 M - the +2 cloak of Agnosticism (worn) {Will+}
   (You found it on level 4 of the Snake Pit)

   It affects your willpower, your defense against some magical effects.
 U - a +0 pair of boots of rampaging (worn)
 Y - the +3 ring mail of the Zebra {rElec}
   (You found it on level 6 of the Lair of Beasts)

   It insulates you from electricity.
Jewellery
 j - a ring of poison resistance (right hand)
 s - an uncursed ring of resist corrosion
 t - an uncursed amulet of faith
 y - the ring "Jasashuj" (left hand) {rF+ Dex+6}
   (You acquired it on level 9 of the Dungeon)

   [ring of dexterity]

   It affects your dexterity (+6).
   It protects you from fire.
 z - a cursed ring of attention {unknown}
 H - a +6 ring of dexterity {unknown}
 I - the amulet of Iptekk (around neck) {Faith *Corrode Fragile rPois Slay+5}
   (You found it on level 1 of the Orcish Mines)

   [amulet of faith]

   It allows you to gain divine favour quickly.
   It affects your accuracy and damage with ranged weapons and melee attacks
   (+5).
   It protects you from poison.
   It may corrode you when you take damage.
   It will be destroyed if unequipped.
 T - an uncursed ring of positive energy {unknown}
Wands
 b - a wand of flame (43)
 c - a wand of paralysis (19)
 o - a wand of random effects (34)
 F - a wand of disintegration (22)
 L - a wand of iceblast (8)
 N - a wand of digging (13)
 X - a wand of enslavement (5)
Scrolls
 e - 8 scrolls of remove curse
 f - 8 scrolls of enchant armour
 h - 18 scrolls of identify
 i - 7 scrolls of blinking
 l - 4 scrolls of immolation
 m - 19 scrolls of teleportation
 p - 2 scrolls of enchant weapon
 r - 4 scrolls of fear
 u - 5 scrolls of amnesia
 P - 3 scrolls of fog
 Q - a scroll of brand weapon
Potions
 d - 3 potions of brilliance {unknown}
 g - 7 potions of curing
 k - 10 potions of flight {unknown}
 n - 10 potions of heal wounds {unknown}
 q - 3 potions of resistance {unknown}
 v - 5 potions of mutation {unknown}
 x - 2 potions of cancellation {unknown}
 A - 10 potions of haste {unknown}
 B - 2 potions of berserk rage {unknown}
 C - 3 potions of degeneration {unknown}
 E - 2 potions of attraction {unknown}
 O - 3 potions of ambrosia {unknown}
 S - a potion of might {unknown}
 V - 2 potions of invisibility {unknown}


   Skills:
 + Level 17.9 Fighting
 * Level 23.6 Axes
 - Level 13.7 Armour
 + Level 11.9 Dodging


You had 16 spell levels left.
You didn't know any spells.
Your spell library was empty.

Dungeon Overview and Level Annotations

Branches:
Dungeon (15/15)            Temple (0/1) D:4            Lair (6/6) D:9
  Swamp (1/4) Lair:3        Snake (4/4) Lair:2        Slime (0/5) Lair:5
    Orc (1/2) D:12         Vaults (0/5) D:13         Depths (1/5) D:15
  Sewer (visited)

Altars:
Dithmenos
Elyvilon
Fedhas
Gozag
Hepliaklqana
Nemelex Xobeh
Okawaru
Sif Muna
Trog
Uskayaw
Vehumet
Yredelemnul
The Shining One
Beogh
Jiyva

Shops:
D:5 *   Orc:1 *

Annotations:
D:5 3 runed translucent doors, kaisn's ghost, novice NaFi
D:9 3 runed translucent doors
D:10 1 runed translucent door, Veteran's ghost, journeyman DDFi
D:12 3 runed translucent doors, anything's ghost, journeyman FoFi
Lair:5 1 runed translucent door
Snake:2 exclusion: oklob plant
Snake:4 Roxanne


Innate Abilities, Weirdness & Mutations

You reflexively headbutt those who attack you in melee.
You have a pair of horns on your head.


Message History

You slice the naga sharpshooter!!
Lightning courses through the naga sharpshooter!
You headbutt the naga sharpshooter.
The naga sharpshooter is moderately wounded.
The naga sharpshooter gestures wildly while chanting.
The naga sharpshooter magically shoots a bolt.
The bolt misses you.
You hear a splash. x2
Unknown command.
You closely miss the naga sharpshooter.
The naga sharpshooter is moderately wounded.
You are no longer berserk.
You are exhausted.
You feel yourself slow down.
Unknown command.
Unknown command.
You hit the naga sharpshooter. You headbutt the naga sharpshooter.
The naga sharpshooter is heavily wounded.
The naga sharpshooter shoots a bolt.
The bolt hits you!
You die...

.........../.#..##
#.........##.#######
####'#'####### #...# ###...(.###
#...# #...≈≈≈...# ##... #
#.#..≈≈≈..#[# #...#### # #
#..≈≈≈..# # #...)... #####
#.#..≈N≈..#.####...###.
....########...≈@≈...##..##)..##.
......#...####.[())###........##.
..........# ##')(###....##...##.
..##......####.).((##(.......###.
..##........##([..#(...#....)##..
.............#().....(.......##).
.............()().(.....<.....#..
......##.....(..)..###.###....)..
.....#...#...............#....##.


You could see a naga sharpshooter.

Vanquished Creatures
  8 nagarajas
  An orc warlord (Orc:1)
  Aizul (Snake:1)
  Louise (D:14)
  Snorg (D:11)
  Josephine (D:11)
  A great orb of eyes (Depths:1)
  9 naga warriors (Snake:4)
  Harold (D:8)
  A vault guard (D:13)
  A boulder beetle (Lair:1)
  A ghost crab (Swamp:1)
  7 hydras
  3 two-headed ogres
  9 anacondas
  2 tengu warriors
  4 death yaks (Lair:4)
  6 naga sharpshooters
  6 shock serpents
  5 skeletal warriors (D:15)
  A salamander mystic (Snake:4)
  A wizard (D:14)
  3 unseen horrors
  A bog body (Lair:3)
  A spriggan druid (Swamp:1)
  A shadow dragon zombie (D:15)
  8 sea snakes
  A necromancer (D:15)
  4 naga ritualists
  2 orc knights (Orc:1)
  Pikel (D:8)
  A phantasmal warrior (D:15)
  A deep elf mage (D:9)
  A harpy (Lair:6)
  A wolf spider zombie (D:15)
  6 mana vipers
  3 manticores
  2 orc sorcerers (Orc:1)
  A frost giant zombie (D:15)
  15 ugly things
  7 salamanders
  15 elephants
  4 cyclopes
  A moth of wrath (shapeshifter) (D:15)
  33 black mambas
  A guardian serpent (Snake:4)
  Joseph (D:9)
  12 naga magi
  3 gargoyles
  21 cane toads
  A rime drake (shapeshifter) (D:15)
  An elf zombie (D:15)
  7 rime drakes
  Maggie (D:8)
  A kobold demonologist (D:11)
  12 komodo dragons
  2 tengu conjurers (D:15)
  10 trolls
  A meliai (shapeshifter) (D:15)
  9 polar bears
  A tyrant leech (Swamp:1)
  15 blink frogs
  2 slime creatures (D:15)
  Prince Ribbit (D:8)
  2 hornets
  Grinder (D:4)
  A fire dragon skeleton (D:15)
  2 spriggans (Swamp:1)
  2 shadows
  3 wyverns
  6 wraiths
  A vampire (D:14)
  5 basilisks
  38 yaks
  Menkaure (D:4)
  30 nagas
  3 wargs (Orc:1)
  3 acid dragons
  A swamp worm (Swamp:1)
  18 water moccasins
  12 orc warriors
  2 sky beasts
  2 ice beasts
  2 black bears (D:9)
  An eye of draining (D:14)
  4 phantoms
  10 ogres
  3 wolves (Lair:2)
  5 centaurs
  2 lemures (D:8)
  3 big kobolds
  20 bullfrogs
  A wyvern skeleton (D:14)
  2 scorpions
  3 killer bees (D:12)
  11 wights
  6 howler monkeys
  An electric eel (Lair:3)
  3 bullfrog zombies
  A lava snake (Lair:3)
  8 centaur skeletons
  3 centaur zombies
  6 hounds
  5 jellies
  7 orc priests
  Crazy Yiuf (D:4)
  8 orc wizards
  A bullfrog skeleton (D:4)
  Natasha (thrice) (D:2)
  7 iguanas
  11 hell rats
  10 worker ants
  Robin (D:4)
  A howler monkey skeleton (D:7)
  2 worker ant zombies
  9 adders
  12 gnolls
  2 shadow imps (D:9)
  2 white imps
  An ufetubus (D:5)
  2 oozes
  An adder skeleton (D:5)
  A worm (D:2)
  2 dart slugs
  12 leopard geckos
  59 orcs
  9 giant cockroaches
  13 goblins
  11 hobgoblins
  10 jackals
  5 quokkas
  A ball python (D:3)
  12 bats
  7 frilled lizards
  19 kobolds
  A leopard gecko zombie (D:5)
  2 quokka skeletons
  6 rats
770 creatures vanquished.

Vanquished Creatures (collateral kills)
  An orc warlord (Orc:1)
  A naga warrior (Snake:4)
  A merfolk avatar (Lair:6)
  2 death yaks (Lair:4)
  A sea snake (Snake:4)
  An orc knight (Orc:1)
  A mana viper (Snake:4)
  4 elephants
  2 guardian serpents (Snake:4)
  2 naga magi (Snake:4)
  A cane toad (Lair:6)
  A rime drake (Lair:6)
  2 komodo dragons (Lair:6)
  A troll (Orc:1)
  A polar bear (Lair:6)
  A yak (Lair:5)
  2 wargs (Orc:1)
  5 nagas (Snake:4)
  7 orc warriors (Orc:1)
  3 ogres (Orc:1)
  An orc wizard (Orc:1)
  10 orcs (Orc:1)
51 creatures vanquished.

Vanquished Creatures (others)
  A hornet (Swamp:1)
  A spriggan (Swamp:1)
  2 orcs (D:6)
  A quokka zombie (D:6)
  60 fungi
  75 plants
  2 withered plants (D:15)
142 creatures vanquished.

Grand Total: 963 creatures vanquished

Notes
Turn   | Place    | Note
-------+----------+-------------------------------------------
     0 | D:1      | MrPhil the Minotaur Berserker began the quest for the Orb.
     0 | D:1      | Reached XP level 1. HP: 19/19 MP: 0/0
   331 | D:1      | Reached skill level 4 in Axes
   359 | D:1      | Reached XP level 2. HP: 23/27 MP: 1/1
   896 | D:2      | Noticed Natasha
   897 | D:2      | Noticed a crimson imp
   902 | D:2      | Killed Natasha
   903 | D:2      | Reached XP level 3. HP: 7/33 MP: 2/2
  1219 | D:2      | Found a blossoming altar of Fedhas.
  1255 | D:2      | Found a white marble altar of Elyvilon.
  1334 | D:2      | Found a hide-covered altar of Uskayaw.
  1335 | D:2      | Noticed Natasha
  1345 | D:2      | Killed Natasha
  1345 | D:2      | Reached ** piety under Trog
  1346 | D:2      | Reached skill level 5 in Axes
  1346 | D:2      | Reached XP level 4. HP: 7/41 MP: 3/3
  1791 | D:2      | Found a hazy altar of Hepliaklqana.
  1821 | D:2      | Noticed Natasha
  1829 | D:2      | Killed Natasha
  2272 | D:2      | Found a faded altar of an unknown god.
  2377 | D:3      | Reached XP level 5. HP: 42/47 MP: 4/4
  2982 | D:3      | Reached skill level 6 in Axes
  2988 | D:3      | Reached *** piety under Trog
  3397 | D:4      | Found an iron altar of Okawaru.
  3406 | D:4      | Reached skill level 5 in Fighting
  3407 | D:4      | Noticed an ogre
  3417 | D:4      | Killed an ogre
  3418 | D:4      | Reached XP level 6. HP: 15/56 MP: 5/5
  3665 | D:4      | Reached skill level 7 in Axes
  3666 | D:4      | Found a staircase to the Ecumenical Temple.
  3758 | D:4      | Found a runed translucent door.
  3759 | D:4      | Noticed Crazy Yiuf
  3883 | D:4      | Reached skill level 5 in Armour
  3883 | D:4      | Reached XP level 7. HP: 62/62 MP: 6/6
  3946 | D:4      | Noticed Grinder
  3950 | D:4      | Noticed Robin
  3952 | D:4      | Killed Grinder
  3953 | D:4      | Reached skill level 8 in Axes
  3964 | D:4      | Killed Robin
  4107 | D:4      | Noticed Menkaure
  4116 | D:4      | Killed Menkaure
  4117 | D:4      | Reached XP level 8. HP: 41/71 MP: 7/7
  4531 | D:4      | Killed Crazy Yiuf
  4581 | D:5      | Entered Level 5 of the Dungeon
  4615 | D:5      | Found a runed translucent gate.
  4615 | D:5      | Identified the +8 short sword of Evil {chaos, +Rage +Fly
                  | Dex+3 Stlth-}
  4615 | D:5      | Noticed kaisn's ghost (novice NaFi)
  4620 | D:5      | Found a runed translucent gate.
  4620 | D:5      | Found a runed translucent gate.
  4730 | D:5      | Reached skill level 9 in Axes
  4840 | D:5      | Found Kysono's Assorted Antiques.
  4898 | D:5      | Found a glowing drain.
  4901 | D:5      | Reached **** piety under Trog
  4937 | Sewer    | Entered a sewer
  5357 | D:5      | Found a bloodstained altar of Trog.
  6109 | D:6      | Found a radiant altar of Vehumet.
  6400 | D:6      | Reached ***** piety under Trog
  6440 | D:6      | Reached skill level 10 in Axes
  7125 | D:7      | Reached XP level 9. HP: 75/81 MP: 8/8
  7368 | D:7      | Found a basalt altar of Yredelemnul.
  7399 | D:7      | Found a glowing golden altar of the Shining One.
  7489 | D:7      | Noticed an angel
  7566 | D:8      | Reached skill level 11 in Axes
  7703 | D:8      | Noticed Prince Ribbit
  7706 | D:8      | Noticed Pikel
  7712 | D:8      | Killed Prince Ribbit
  7715 | D:8      | Killed Pikel
  7780 | D:8      | Noticed Maggie
  7800 | D:8      | Killed Maggie
  7800 | D:8      | Received a gift from Trog
  7801 | D:8      | Reached skill level 12 in Axes
  8034 | D:8      | Found a shadowy altar of Dithmenos.
  8168 | D:8      | Noticed Harold
  8197 | D:8      | Killed Harold
  8198 | D:8      | Reached XP level 10. HP: 9/91 MP: 9/9
  8604 | D:9      | Found an opulent altar of Gozag.
  8628 | D:9      | Found a staircase to the Lair.
  8748 | D:9      | Noticed Joseph
  8767 | D:9      | Killed Joseph
  8774 | D:9      | Reached skill level 13 in Axes
  9152 | D:9      | Found a shadowy altar of Dithmenos.
  9152 | D:9      | Noticed a deep elf mage
  9170 | D:9      | Killed a deep elf mage
  9171 | D:9      | Reached skill level 10 in Fighting
  9242 | D:9      | Found a runed translucent gate.
  9242 | D:9      | Found a runed translucent gate.
  9242 | D:9      | Found a runed translucent gate.
  9245 | D:9      | Noticed a red ugly thing
  9246 | D:9      | Noticed a green ugly thing
  9246 | D:9      | Noticed a glowing orange brain
  9247 | D:9      | Noticed a green ugly thing
  9249 | D:9      | Noticed a green ugly thing
  9531 | D:10     | Entered Level 10 of the Dungeon
  9679 | D:10     | Found a runed translucent door.
  9679 | D:10     | Identified the cursed +1 spear of Bait {speed, Str+2}
  9679 | D:10     | Noticed Veteran's ghost (journeyman DDFi)
  9680 | D:10     | Noticed a spriggan rider
  9793 | D:10     | Reached skill level 10 in Armour
 10605 | Lair:1   | Entered Level 1 of the Lair of Beasts
 10605 | Lair:1   | Noticed a seven-headed hydra
 10612 | Lair:1   | Killed a ten-headed hydra
 10613 | Lair:1   | Reached skill level 14 in Axes
 10759 | Lair:1   | Reached XP level 11. HP: 60/101 MP: 10/10
 11202 | Lair:1   | Found a transporter.
 11203 | Lair:1   | Found a transporter.
 11203 | Lair:1   | Noticed a boulder beetle
 11230 | Lair:1   | Found a dark tunnel.
 12169 | Lair:1   | Killed a boulder beetle
 12170 | Lair:1   | Reached skill level 15 in Axes
 12379 | Lair:2   | Found a staircase to the Snake Pit.
 12742 | Lair:2   | You fall into a shaft and drop 2 floors!
 12742 | Lair:4   | Noticed a death yak
 12742 | Lair:4   | Noticed a death yak
 12742 | Lair:4   | Noticed a death yak
 12742 | Lair:4   | Noticed a death yak
 12743 | Lair:4   | Noticed a death yak
 12743 | Lair:4   | Noticed a death yak
 12747 | Lair:4   | Killed a death yak
 12750 | Lair:4   | Killed a death yak
 12752 | Lair:4   | Killed a death yak
 12753 | Lair:4   | Killed a death yak
 12754 | Lair:4   | Killed a death yak
 12754 | Lair:4   | Killed a death yak
 12755 | Lair:4   | Reached skill level 16 in Axes
 12755 | Lair:4   | Reached XP level 12. HP: 55/112 MP: 11/11
 13049 | Lair:4   | Noticed a four-headed hydra
 13054 | Lair:4   | Killed a six-headed hydra
 13182 | Lair:4   | Noticed a five-headed hydra
 13190 | Lair:4   | Killed a nine-headed hydra
 13538 | Lair:4   | Reached skill level 17 in Axes
 13797 | Lair:4   | Noticed a seven-headed hydra
 13804 | Lair:4   | Killed a nine-headed hydra
 14576 | Lair:5   | Received a gift from Trog
 14990 | Lair:5   | Reached XP level 13. HP: 122/122 MP: 12/12
 15212 | Lair:5   | Reached skill level 18 in Axes
 15482 | Lair:5   | Found a runed translucent door.
 15483 | Lair:5   | Found a viscous altar of Jiyva.
 15485 | Lair:5   | Found a staircase to the Slime Pits.
 15714 | Lair:6   | Entered Level 6 of the Lair of Beasts
 16240 | Lair:6   | Got a heavily runed ring mail
 16241 | Lair:6   | Identified the +3 ring mail of the Zebra {rElec} (You found
                  | it on level 6 of the Lair of Beasts)
 16401 | Lair:6   | Identified Further Progress in Wizardry
 16514 | Lair:6   | Identified the Collected Works on Poison and Air
 16877 | Lair:6   | Reached skill level 19 in Axes
 18117 | Lair:3   | You fall into a shaft and drop 2 floors!
 18576 | Lair:3   | Found a staircase to the Swamp.
 18972 | Lair:3   | Reached XP level 14. HP: 122/133 MP: 13/13
 19357 | Swamp:1  | Entered Level 1 of the Swamp
 19362 | Swamp:1  | Reached skill level 5 in Dodging
 20052 | D:9      | Identified a scroll of acquirement
 20052 | D:9      | Acquired the ring "Jasashuj" {rF+ Dex+6}
 20135 | D:11     | Noticed Josephine
 20146 | D:11     | Killed Josephine
 20404 | D:11     | Received a gift from Trog
 20560 | D:11     | Noticed Snorg
 20567 | D:11     | Killed Snorg
 20632 | D:11     | Reached skill level 15 in Fighting
 21565 | D:12     | Reached skill level 20 in Axes
 21658 | D:12     | Found a runed translucent gate.
 21659 | D:12     | Found a runed translucent gate.
 21660 | D:12     | Found a runed translucent gate.
 21868 | D:12     | Received a gift from Trog
 22095 | D:12     | Found a staircase to the Orcish Mines.
 22156 | Orc:1    | Entered Level 1 of the Orcish Mines
 22156 | Orc:1    | Found a roughly hewn altar of Beogh.
 22156 | Orc:1    | Found Calulas's General Store.
 22164 | Orc:1    | Reached ****** piety under Trog
 22492 | Orc:1    | Noticed an orc warlord
 22505 | Orc:1    | Killed an orc warlord
 22505 | Orc:1    | Noticed an orc warlord
 22514 | Orc:1    | Received a gift from Trog
 22519 | Orc:1    | Killed an orc warlord
 22713 | Orc:1    | Got a slimy sapphire amulet
 22969 | D:12     | Noticed anything's ghost (journeyman FoFi)
 23214 | Lair:6   | Got a twisted battleaxe
 23215 | Lair:6   | Acquired the +9 scale mail of Batsap {rElec rF+}
 23216 | Lair:6   | Identified the +7 battleaxe "Loleott" {elec, +Inv rElec
                  | Int-4 Dex+6} (You found it on level 6 of the Lair of
                  | Beasts)
 23218 | Lair:6   | Identified the amulet of Iptekk {Faith *Corrode Fragile
                  | rPois Slay+5} (You found it on level 1 of the Orcish Mines)
 23919 | D:13     | Found a glowing golden altar of the Shining One.
 24104 | D:13     | Found a gate to the Vaults.
 24337 | D:14     | Found a sparkling altar of Nemelex Xobeh.
 24382 | D:14     | Noticed Louise
 24401 | D:14     | Killed Louise
 24410 | D:14     | Reached XP level 15. HP: 87/143 MP: 14/14
 24804 | D:14     | Reached skill level 21 in Axes
 25427 | D:15     | Entered Level 15 of the Dungeon
 25428 | D:15     | Found a staircase to the Depths.
 26626 | Depths:1 | Entered Level 1 of the Depths
 26638 | Depths:1 | Received a gift from Trog
 26929 | Snake:1  | Entered Level 1 of the Snake Pit
 27172 | Snake:1  | Noticed Aizul
 27187 | Snake:1  | Killed Aizul
 27494 | Snake:1  | You fall into a shaft and drop 1 floor!
 27494 | Snake:2  | Found a shimmering blue altar of Sif Muna.
 27494 | Snake:2  | Noticed a nagaraja
 27495 | Snake:2  | Noticed a nagaraja
 27508 | Snake:2  | Killed a nagaraja
 27509 | Snake:2  | Reached skill level 22 in Axes
 27524 | Snake:2  | Killed a nagaraja
 28004 | Snake:2  | Reached skill level 10 in Dodging
 28032 | Snake:2  | Reached XP level 16. HP: 154/154 MP: 15/15
 28312 | Snake:2  | You fall into a shaft and drop 1 floor!
 28331 | Snake:4  | Entered Level 4 of the Snake Pit
 28388 | Snake:4  | Got a shimmering cloak
 28399 | Snake:4  | Identified the +2 cloak of Agnosticism {Will+} (You found
                  | it on level 4 of the Snake Pit)
 28643 | Snake:4  | Received a gift from Trog
 28710 | Snake:4  | Identified Roxanne's Incunabulum of Shape Shifting
 28710 | Snake:4  | Noticed Roxanne
 28809 | Snake:4  | Reached skill level 23 in Axes
 29874 | Snake:4  | Reached XP level 17. HP: 18/163 MP: 16/16
 29875 | Snake:4  | HP: 11/244 [naga sharpshooter/bolt (7)]
 29879 | Snake:4  | Shot with a bolt by a naga sharpshooter

Illustrated notes

Levels and vault maps discovered:
D:1:      mrwooster_arrival_statue, layout_basic, grunt_decor_arrowhead
D:2:      layout_loops_cross, elyvilon_altar_1, nzn_hepliaklqana_mist_gate,
          general_overflow_altar, eat_drink_and_be_merry_uskayaw,
          chequers_ecumenical_altar_grove, uniq_natasha
D:3:      wad_crossroads, layout_loops_ring, minmay_splitting_lines
D:4:      layout_loops_ring, lemuel_round_altar, minmay_temple_entry_tees,
          uniq_robin, uniq_menkaure, uniq_grinder, uniq_crazy_yiuf_cottage
D:5:      layout_basic, gup_sewer_entry_glass, serial_shops,
          kennysheep_little_box, gammafunk_ghost_nasty_kobolds,
          minmay_curled_crystal, trog_book
D:6:      layout_basic, fiery_altar_vehumet, minmay_lizard_king
D:7:      layout_loops_ring, grunt_temple_overflow_holy_war, eino_tiny_chamber
D:8:      layout_cave_pools, nicolae_overflow_crystal_walls, uniq_pikel,
          uniq_maggie, uniq_harold, uniq_prince_ribbit1
D:9:      layout_irregular_city, nicolae_overflow_hidden_temple,
          grunt_lair_entry_orc_guard_hut,
          ploomutoo_gammafunk_ghost_potion_laboratory, david_defended_altar_elf,
          uniq_joseph
D:10:     layout_cave_pods, ebering_ghost_funeral_grove, dk_rats_in_the_wall
D:11:     layout_gridville, st_stairs_12, uniq_josephine, uniq_snorg
D:12:     layout_cave_pools, hiddenorc1_lemuel, gammafunk_ghost_spectres
D:13:     layout_cave_pools, david_vaults_5, nicolae_tso_swordbearing_angel
D:14:     layout_cave_pods, nemelex_xobeh_ov_fountains_minmay,
          roderic_roman_lattice, uniq_louise
D:15:     gammafunk_depths_entry_grave, layout_basic, nrook_mini_vaults
Lair:1:   gammafunk_boulding_lane, layout_layer_cave,
          nicolae_volcano_entry_s_turn, serial_bayou_shore_b
Lair:2:   layout_roguey, minmay_snake_entry_guardpost_medium,
          portal_ice_cave_rime, st_stairs_8
Lair:3:   layout_gridlike, skrybe_swamp_entry_bodies, fungi_pond_lemuel,
          serial_bayou_pond_d, infiniplex_staircase_pool_2
Lair:4:   layout_cave_pods, enter_volcano_2, nicolae_quartered_pool_super,
          beast_lair_carwin_3, grunt_megastairs_3
Lair:5:   layout_hall_layers, slime_altar_2
Lair:6:   gammafunk_lair_ancient_temple, layout_cellular_growth
Swamp:1:  layout_falls_marsh, infiniplex_staircase_pool, swamp_pool5
Snake:1:  kennysheep_snake, layout_onion, uniq_aizul
Snake:2:  layout_misc_corridors, lemuel_oklob_altar
Snake:3:  layout_basic, grunt_ministairs_9, amcnicky_altar_lugonu_corruption,
          uniq_donald
Snake:4:  grunt_snake_rune_pools, layout_misc_corridors, uniq_roxanne
Orc:1:    layout_caves, basic_altar, serial_shops, shop, minmay_orc_treasury
Depths:1: layout_twisted_cross, rand_demon_pan_entry_9,
          minmay_misc_feat_diagonals, grunt_hell_entry_dis_old, drop_trap,
          kb_rosetta, uniq_asterion

Skill      XL: |  1  2  3  4  5  6  7  8  9 10 11 12 13 14 15 16 |
---------------+-------------------------------------------------+-----
Axes           | 4 5 6 7 8 10 12 14 16 17 19 20 22 23 | 23.6
Fighting       | 4 5 6 7 9 10 12 13 14 15 16 17 | 17.9
Armour         | 3 4 5 6 7 9 10 11 13 | 13.7
Dodging        | 4 7 10 11 | 11.9

Action                   |  1- 3 |  4- 6 |  7- 9 | 10-12 | 13-15 | 16-18 || total
-------------------------+-------+-------+-------+-------+-------+-------++-------
Melee: Hand axe          |    54 |   126 |   303 |   131 |       |       ||   614
       Headbutt          |    12 |    24 |    51 |    66 |   205 |    77 ||   435
       Battleaxe         |       |       |       |   237 |   635 |   221 ||  1093
       Executioner's axe |       |       |       |       |   172 |       ||   172
Invok: Berserk           |       |     3 |     6 |    15 |    20 |     2 ||    46
       Trog's Hand       |       |       |       |     4 |     5 |     4 ||    13
       Brothers in Arms  |       |       |       |     2 |     5 |     7 ||    14
Evoke: Wand              |       |       |     1 |       |    12 |       ||    13
  Use: Scroll            |       |       |     2 |     8 |     8 |     1 ||    19
       Potion            |       |       |       |       |     2 |     7 ||     9
 Stab: Distracted        |       |       |       |     1 |     1 |       ||     2
Armor: Animal skin       |    16 |       |       |       |       |       ||    16
       Ring mail         |       |    21 |       |       |   127 |       ||   148
       Chain mail        |       |    11 |   118 |   213 |    42 |       ||   384
       Scale mail        |       |       |       |       |    96 |   107 ||   203
       Plate armour      |       |       |       |       |     2 |       ||     2
Dodge: Dodged            |    34 |    61 |   103 |   152 |   469 |   199 ||  1018

Table legend: (Time is in decaauts)
 A = Elapsed time spent in this place.
 B = Non-inter-level travel time spent in this place.
 C = Inter-level travel time spent in this place.
 D = Time resting spent in this place.
 E = Time spent auto-exploring this place.
 F = Levels seen in this place.
 G = Mean time per level.
                   A        B        C        D        E       F      G
               +--------+--------+--------+--------+--------+-----+--------+
         Total |  30144 |  28341 |   1803 |   5739 |  18823 |  29 | 1039.4 |
       Dungeon |  16034 |  15185 |    849 |   1712 |  11616 |  15 | 1068.9 |
          Lair |  10056 |   9190 |    866 |   2528 |   5698 |   6 | 1676.0 |
         Swamp |     32 |     32 |      0 |      4 |      0 |   1 |   32.0 |
     Snake Pit |   2872 |   2858 |     14 |   1318 |    827 |   4 |  718.0 |
  Orcish Mines |    797 |    725 |     72 |    176 |    418 |   1 |  797.0 |
        Depths |     17 |     17 |      0 |      0 |      0 |   1 |   17.0 |
         Sewer |    334 |    334 |      0 |      0 |    262 |   1 |  334.0 |
               +--------+--------+--------+--------+--------+-----+--------+

Top non-repeatable levels by time:
  Lair:6: 2276 daAuts
  Lair:4: 2163 daAuts
  Lair:3: 1791 daAuts
  Lair:1: 1758 daAuts
     D:2: 1502 daAuts
    D:11: 1398 daAuts
  Lair:5: 1285 daAuts
     D:4: 1225 daAuts
    D:15: 1212 daAuts
    D:10: 1183 daAuts
 Snake:4: 1174 daAuts
     D:9: 1155 daAuts
    D:14: 1144 daAuts
     D:3: 1097 daAuts
     D:8: 1057 daAuts
